 Dungeon Crawl Stone Soup version 0.29-a0-1009-g60c99734e7 (webtiles) character file.

Game seed: 7188419909594360378

67 psihoz the Shooter (level 3, -7/29 HPs)
             Began as a Demigod Hunter on Aug 8, 2022.
             Mangled by a gnoll
             ... wielding a +0 flail
              (12 damage)
             ... on level 1 of the Dungeon.
             The game lasted 00:07:38 (821 turns).

psihoz the Shooter (Demigod Hunter)                  Turns: 821, Time: 00:07:38

Health: -7/29      AC:  3    Str: 12    XL:     3   Next: 70%
Magic:  5/5        EV: 12    Int: 11    God:
Gold:   88         SH:  5    Dex: 21    Spells: 2/2 levels left

rFire   x . .      SeeInvis .   a - +0 shortbow
rCold   + . .      Faith    .   (shield currently unavailable)
rNeg    . . .      Spirit   .   c - +0 leather armour
rPois   .          Reflect  +   (no helmet)
rElec   .          Harm     .   (no cloak)
rCorr   .          Rampage  .   (no gloves)
Will    .....                   (no boots)
Stlth   ++........              h - amulet of reflection
HPRegen 0.09/turn               e - ring of ice
MPRegen 0.09/turn               (no ring)

@: no status effects
A: high MP 1, forlorn, divine attributes
a: no special abilities


You were on level 1 of the Dungeon.
You visited 1 branch of the dungeon, and saw 2 of its levels.

You collected 88 gold pieces.

Inventory:

Hand Weapons
 a - a +0 shortbow (weapon)
Armour
 c - a +0 leather armour (worn)
Jewellery
 e - a ring of ice (left hand)
 h - an amulet of reflection (around neck)
Scrolls
 b - a scroll of immolation
 d - a scroll of blinking {unknown}
 f - 2 scrolls of magic mapping {unknown}
 g - 2 scrolls of teleportation {unknown}
 i - a scroll of enchant armour {unknown}
 l - a scroll of identify {unknown}
 n - 3 scrolls of enchant weapon {unknown}
Potions
 j - 3 potions of might {unknown}
 k - a potion of curing {unknown}
 m - a potion of brilliance {unknown}


   Skills:
 + Level 2.0 Fighting
 + Level 4.8 Ranged Weapons
 + Level 0.4 Armour
 + Level 1.8 Dodging
 + Level 0.8 Stealth


You had 2 spell levels left.
You didn't know any spells.
Your spell library was empty.

Dungeon Overview and Level Annotations

Branches:
Dungeon (2/15)


Innate Abilities, Weirdness & Mutations

You have an increased reservoir of magic. (+10% MP)
You shall have no god before yourself.
Your divine heritage dramatically boosts your attributes as you level up.


Message History

The endoplasm hits you but does no damage.
The gnoll hits you but does no damage. The gnoll hits you with a +0 flail.
The endoplasm freezes you.
You are frozen.
You resist. The gnoll closely misses you.
The gnoll hits you from afar with a +0 spear.
The endoplasm hits you but does no damage.
The gnoll closely misses you.
You climb upwards.
There is a stone staircase leading down here.
Fire: a) +0 shortbow
Press: ? - help, Q - select action Shift-Dir - straight line, f - gnoll
Aim: a gnoll, wielding a +0 flail (69% to hit)
You shoot an arrow.
The arrow hits the gnoll but does no damage.
The gnoll misses you. The endoplasm barely misses you.
Fire: a) +0 shortbow
Press: ? - help, Q - select action Shift-Dir - straight line, f/p - gnoll
Aim: a gnoll, wielding a +0 flail (69% to hit)
You shoot an arrow. The arrow barely misses the gnoll.
You block the gnoll's attack. The endoplasm freezes you.
You are frozen.
You resist.
Fire: a) +0 shortbow
Press: ? - help, Q - select action Shift-Dir - straight line, f/p - gnoll
Aim: a gnoll, wielding a +0 flail (69% to hit)
You shoot an arrow. The arrow hits the gnoll.
The gnoll is moderately wounded.
The gnoll misses you. The endoplasm freezes you.
You are frozen.
You resist.
Fire: a) +0 shortbow
Press: ? - help, Q - select action Shift-Dir - straight line, f/p - gnoll
Aim: a gnoll, wielding a +0 flail (moderately wounded, 69% to hit)
You shoot an arrow. The arrow completely misses the gnoll.
The gnoll hits you with a +0 flail!
* * * LOW HITPOINT WARNING * * *
The endoplasm misses you. The gnoll attacks as you move away!
The gnoll barely misses you. The gnoll attacks as you move away!
The gnoll hits you with a +0 flail!
You die...

#.....##.#.### ##............
#.....##...# ##...........
#.....##..## #...>.......
#.....##...## #...........
#........#..# #........###
##.......###.#########.........##
#...)#...##...##..............#.#
#.............##...........##..#<
#.......##......@g........#####.#
#.....#...†.....J......#### #.#.
#...............#......# ##..
#....##............>...########..
#....###..#######................
#....# #### #^.....##########
###### #......# ########


You could see a gnoll and an endoplasm.

Vanquished Creatures
  3 gnolls
  A dart slug (D:1)
  5 ball pythons
  2 bats (D:1)
  4 endoplasms (D:1)
  2 hobgoblins (D:1)
  4 jackals (D:1)
  A kobold (D:1)
  3 quokkas (D:1)
  A frilled lizard (D:1)
  5 goblins (D:1)
  A rat (D:1)
32 creatures vanquished.

Notes
Turn   | Place    | Note
-------+----------+-------------------------------------------
     0 | D:1      | psihoz the Demigod Hunter began the quest for the Orb.
     0 | D:1      | Reached XP level 1. HP: 17/17 MP: 3/3
   105 | D:1      | Reached skill level 4 in Ranged Weapons
   259 | D:1      | Reached XP level 2. HP: 24/24 MP: 4/4
   614 | D:1      | Reached XP level 3. HP: 17/29 MP: 5/5
   821 | D:1      | Mangled by a gnoll

Illustrated notes

Levels and vault maps discovered:
D:1:      spicycebolla_arrival_risky_transporter, layout_rooms,
          minmay_pentomino_z2
D:2:      layout_rooms, basic_ecumenical_altar, serial_shops,
          nicolae_lakefront_shop, uniq_natasha

Skill      XL: |  1  2 |
---------------+-------+-----
Ranged Weapons | 4 |  4.8
Fighting       | 2 |  2.0
Armour         | |  0.4
Dodging        | |  1.8
Stealth        | |  0.8

Action                   || total
-------------------------++-------
 Fire: Shortbow          ||    77
Armor: Leather armour    ||     8
Dodge: Dodged            ||    26
Block: Other             ||     5

Table legend: (Time is in decaauts)
 A = Elapsed time spent in this place.
 B = Non-inter-level travel time spent in this place.
 C = Inter-level travel time spent in this place.
 D = Time resting spent in this place.
 E = Time spent auto-exploring this place.
 F = Levels seen in this place.
 G = Mean time per level.
                   A        B        C        D        E       F      G
               +--------+--------+--------+--------+--------+-----+--------+
         Total |    845 |    584 |    261 |      0 |    423 |   2 |  422.5 |
       Dungeon |    845 |    584 |    261 |      0 |    423 |   2 |  422.5 |
               +--------+--------+--------+--------+--------+-----+--------+

Top non-repeatable levels by time:
     D:1: 831 daAuts
     D:2: 13 daAuts
